 Dungeon Crawl Stone Soup version 0.32-a0-599-gba8f9cf90e (webtiles) character file.

Game seed: 7162107798840126257

9 NormalPerson7 the Grave Robber (level 2, -1/20 HPs)
             Began as a Ghoul Necromancer on Mar 3, 2024.
             Slain by a quokka (5 damage)
             ... on level 1 of the Dungeon.
             The game lasted 00:03:04 (339 turns).

NormalPerson7 the Grave Robber (Ghoul Necromancer)   Turns: 339, Time: 00:03:05

Health: -1/20      AC:  2    Str: 11    XL:     2   Next: 16%
Magic:  0/4        EV: 12    Int: 14    God:
Gold:   33         SH:  0    Dex:  9    Spells: 3/4 levels left

rFire   . . .        (no weapon)
rCold   + . .        (no shield)
rNeg    + + +        a - +0 robe
rPois   ∞            (no helmet)
rElec   .            (no cloak)
rCorr   .            (no gloves)
SInv    .            (no boots)
Will    .....        (no amulet)
Stlth   ++           (no ring)
HPRegen 0.00/turn    (no ring)
MPRegen 0.09/turn

%: no passive effects
@: inhibited regen
A: claws 1, cold resistance 1, negative energy resistance 3, inhibited
regeneration, torment resistance 2, devour on kill
a: no special abilities


You were on level 1 of the Dungeon.
You visited 1 branch of the dungeon, and saw 1 of its levels.

You collected 33 gold pieces.

Inventory:

Armour
 a - a +0 robe (worn)
Scrolls
 c - a scroll of fear {unknown}
 e - a scroll of identify {unknown}
 f - a scroll of noise {unknown}
Potions
 b - a potion of magic
 d - a potion of brilliance {unknown}


   Skills:
 - Level 1.7 Dodging
 - Level 2.1 Stealth
 - Level 1.7 Spellcasting
 + Level 4.5 Necromancy


You had 3 spell levels left.
You knew the following spells:

 Your Spells              Type           Power      Damage    Failure   Level
a - Necrotise             Necr           52%        1d6       3%          1

Your spell library contained the following spells:

 Spells                   Type           Power      Damage    Failure   Level
 Vampiric Draining        Necr           13%        2d6       12%         3
 Animate Dead             Necr           13%        N/A       36%         4
 Curse of Agony           Necr           13%        N/A       71%         5


Dungeon Overview and Level Annotations

Branches:
Dungeon (1/15)

Altars:


Innate Abilities, Weirdness & Mutations

You are immune to poison.
You have sharp fingernails.
Your flesh is cold resistant. (rC+)
You are immune to negative energy. (rN+++)
You do not regenerate when monsters are visible.
You are immune to unholy pain and torment.
You thrive by killing the living.


Message History

Aim: a quokka (heavily wounded, chance to affect: 83%)
The quokka writhes in agony.
The quokka closely misses you.
Found 13 gold pieces.
A dart slug comes into view.
The quokka attacks as it pursues you! The quokka closely misses you.
The quokka bites you. The quokka attacks as it pursues you!
The quokka bites you but does no damage.
The quokka attacks as it pursues you! The quokka barely misses you.
The quokka attacks as it pursues you!
The quokka bites you but does no damage.
The quokka closely misses you. The quokka attacks as it pursues you!
The quokka closely misses you.
Casting: Necrotise (safe; 3% risk of failure)
Confirm with . or Enter, or press ? or * to list all spells.
Aiming: Necrotise (safe; 3% risk of failure)
Press: ? - help, Shift-Dir - straight line, f/p - quokka
Aim: a quokka (heavily wounded, chance to affect: 83%)
The quokka writhes in agony.
The quokka bites you. The quokka attacks as it pursues you!
The quokka bites you but does no damage.
The quokka bites you.
You completely miss the quokka.
The quokka is severely wounded.
The quokka closely misses you.
You scratch the quokka but do no damage.
The quokka is severely wounded.
The quokka barely misses you.
You scratch the quokka but do no damage.
The quokka is severely wounded.
The quokka bites you.
* * * LOW HITPOINT WARNING * * *
You scratch the quokka.
The quokka is almost dead.
The quokka bites you.
* * * LOW HITPOINT WARNING * * *
You closely miss the quokka.
The quokka is almost dead.
The quokka bites you.
You die...

..#..ß≈########.........####.....
..#.≈≈≈##..####.........##.......
..#.#####.<+..#........w##.......
..'.'...##'##....###....##.......
..#.'.♣.'..#♣....# #....##.......
..#.'...'.##♣....#####...........
..#.####### ♣.......##....##.....
..#..≈≈≈# #♣#...r...#.....##.....
..#....⌠# ♣.....@[#.......##.....
..#########.####.##.##...........
............#...........##.......
.#..........#.#...#.######.......
.#....#.....#.#...#.......##.....
.#..#.#.....#.#.###.......##.....
.##...###.....#.###.......##.#+##
. ####...#...##........).....# .
......##..........##.....##


You could see a quokka.

Vanquished Creatures
  An endoplasm (D:1)
  A goblin (D:1)
  A hobgoblin (D:1)
  A quokka (D:1)
  2 ball pythons (D:1)
  A frilled lizard (D:1)
  A kobold (D:1)
  A rat (D:1)
9 creatures vanquished.

Notes
Turn   | Place    | Note
-------+----------+-------------------------------------------
     0 | D:1      | NormalPerson7 the Ghoul Necromancer began the quest for the
                  | Orb.
     0 | D:1      | Reached XP level 1. HP: 14/14 MP: 3/3
   222 | D:1      | Reached XP level 2. HP: 20/20 MP: 2/4
   339 | D:1      | Slain by a quokka

Illustrated notes

Levels and vault maps discovered:
D:1:      sevenhm_arrival_forest_fort_small_3, layout_basic,
          serial_corexii_hall, corexii_hall_statues_x,
          chequers_hall_statues_wall_a, minivault_4

Action                     || total
---------------------------++-------
  Melee: Unarmed           ||     6
   Cast: Necrotise         ||    22
 Armour: Robe              ||    14
  Dodge: Dodged            ||    22

Table legend: (Time is in decaauts)
 A = Elapsed time spent in this place.
 B = Non-inter-level travel time spent in this place.
 C = Inter-level travel time spent in this place.
 D = Time resting spent in this place.
 E = Time spent auto-exploring this place.
 F = Levels seen in this place.
 G = Mean time per level.
                   A        B        C        D        E       F      G
               +--------+--------+--------+--------+--------+-----+--------+
         Total |    339 |    339 |      0 |    128 |     30 |   1 |  339.0 |
       Dungeon |    339 |    339 |      0 |    128 |     30 |   1 |  339.0 |
               +--------+--------+--------+--------+--------+-----+--------+

Top non-repeatable levels by time:
     D:1: 339 daAuts
